 Dungeon Crawl Stone Soup version 0.17.1-3-g152610e (webtiles) character file.

44961 MirrMurr the Unseen (level 13, -10/55 HPs)
             Began as a Spriggan Enchanter on Mar 30, 2016.
             Was a Priest of Ashenzari.
             Mangled by a komodo dragon (15 damage)
             ... on level 8 of the Lair of Beasts.
             The game lasted 01:01:14 (24343 turns).

MirrMurr the Unseen (Spriggan Enchanter)           Turns: 24343, Time: 01:01:15

Health: -10/55     AC:  4    Str:  7    XL:     13   Next: 99%
Magic:  23/31      EV: 30    Int: 25    God:    Ashenzari [***...]
Gold:   1183       SH:  0    Dex: 16    Spells: 5 memorised, 24 levels left

rFire  . . .     SeeInvis +     a - +2 dagger (flame)
rCold  . . .     Clarity  .     N - +1 robe of Fugg {Slay+3}
rNeg   + . .     SustAt   .     (shield restricted)
rPois  .         Gourm    .     k - +0 hat {Int+3}
rElec  .         Spirit   .     E - +0 cloak (curse)
rCorr  .         Warding  +     (gloves unavailable)
rMut   .         Stasis   .     (boots unavailable)
MR     ++...                    G - amulet of warding
Stlth  +++++++...               (no ring)
                                z - +3 ring of strength (curse)

@: very slightly contaminated, very quick, very resistant to hostile
enchantments, extremely stealthy
A: unfitting armour, talons 1, see invisible, herbivore 3, speed 3, slow
metabolism 2, evolution 1
a: Scrying, Renounce Religion


You were on level 8 of the Lair of Beasts.
You worshipped Ashenzari.
Ashenzari was most pleased with you.
You were not hungry.

You visited 3 branches of the dungeon, and saw 17 of its levels.
You also visited: Sewer and Volcano.

You collected 1183 gold pieces.

Inventory:

Hand Weapons
 a - a +2 dagger of flaming (weapon)
 b - a +2 rapier of flaming
Missiles
 h - 578 stones
 n - 2 tomahawks of returning (quivered)
 p - 49 poisoned needles
 w - 5 needles of slowing
 B - 5 tomahawks
 M - 3 tomahawks of dispersal
Armour
 k - a +0 hat of intelligence (worn)
 E - a cursed +0 cloak (worn)
 I - a steam dragon hide
 N - the +1 robe of Fugg (worn) {Slay+3}
   (You found it on level 8 of the Dungeon)

   It affects your accuracy and damage with ranged weapons and melee attacks
   (+3).
Jewellery
 l - an uncursed amulet of clarity
 z - a cursed +3 ring of strength (left hand)
 G - an amulet of warding (around neck)
 J - an uncursed ring of protection from magic
Wands
 y - a wand of fire (4)
 S - a wand of confusion (23)
 W - a wand of draining (8)
Scrolls
 i - 5 scrolls of identify
 m - 7 scrolls of teleportation
 o - 5 scrolls of enchant weapon
 r - 7 scrolls of remove curse
 t - a scroll of fear
 u - 4 scrolls of recharging
 K - a scroll of curse jewellery
 L - 3 scrolls of curse armour
 P - a scroll of blinking
 Q - 2 scrolls of magic mapping
 R - a scroll of fog
Potions
 d - a potion of flight
 e - 5 potions of might
 f - 17 potions of curing
 g - 5 potions of heal wounds
 j - 4 potions of agility
 s - a potion of magic
 x - 2 potions of brilliance
 F - 3 potions of haste
 U - a potion of invisibility
 V - a potion of resistance
Books
 c - a book of Maledictions

   Spells                             Type                      Level
   a - Corona                         Hexes                        1
   b - Ensorcelled Hibernation        Hexes/Ice                    2
   c - Confuse                        Hexes                        3
   d - Tukima's Dance                 Hexes                        3
   e - Dazzling Spray                 Conjuration/Hexes            3
 q - a book of Burglary

   Spells                             Type                      Level
   a - Swiftness                      Charms/Air                   2
   b - Passwall                       Transmutation/Earth          3
   c - Passage of Golubria            Translocation                4
   d - Lee's Rapid Deconstruction     Earth                        5
   e - Darkness                       Hexes                        6
   f - Invisibility                   Hexes                        6
 T - a book of Power

   Spells                             Type                      Level
   a - Fulminant Prism                Conjuration/Hexes            4
   b - Iskenderun's Mystic Blast      Conjuration                  4
   c - Venom Bolt                     Conjuration/Poison           5
   d - Bolt of Magma                  Conjuration/Fire/Earth       5
   e - Iron Shot                      Conjuration/Earth            6
   f - Orb of Destruction             Conjuration                  7
   g - Spellforged Servitor           Conjuration/Summoning        7
Comestibles
 v - 24 fruits
 D - 8 bread rations
 O - 6 slices of pizza


   Skills:
 + Level 12.7 Short Blades
 + Level 14.6 Dodging
 - Level 15.0 Stealth
 - Level 13.5 Spellcasting
 - Level 13.7 Hexes


You had 24 spell levels left.
You knew the following spells:

 Your Spells              Type           Power        Failure   Level  Hunger
a - Ensorcelled Hibernat  Hex/Ice        ######       1%          2    None
b - Confuse               Hex            ######..     1%          3    None
c - Corona                Hex            ######.      0%          1    None
d - Dazzling Spray        Conj/Hex       ######..     1%          3    None
i - Invisibility          Hex            ######..     1%          6    #####..


Dungeon Overview and Level Annotations

Branches:
Dungeon (8/15)             Temple (1/1) D:6            Lair (8/8) D:8
 Shoals (0/4) Lair:6       Spider (0/4) Lair:3        Slime (0/6) Lair:8

Altars:
Ashenzari
Cheibriados
Dithmenos
Elyvilon
Fedhas
Gozag
Kikubaaqudgha
Makhleb
Nemelex Xobeh
Okawaru
Qazlal
Ru
Sif Muna
Vehumet
Xom
Yredelemnul
Zin
The Shining One

Shops:
D:5 %(   D:8 *

Annotations:
D:5 food
Lair:8 Kirke


Innate Abilities, Weirdness & Mutations

You are tiny and cannot use many weapons and most armour.
You have supernaturally acute eyesight.
You are a herbivore.
You cover ground extremely quickly.
You need consume almost no food.
You have sharp toenails.
You evolve.


Message History

The komodo dragon resists with some effort.
The fire drake completely misses you.
The komodo dragon completely misses you.
You closely miss the fire drake.
The fire drake is moderately wounded.
The fire drake closely misses you.
Casting: Ensorcelled Hibernation
Confirm with . or Enter, or press ? or * to list all spells.
Aiming: Ensorcelled Hibernation
Press: ? - help, Shift-Dir - straight line, f/p - komodo dragon
Aim: a komodo dragon (chance to defeat MR: 55%)
The komodo dragon resists with some effort.
The fire drake barely misses you. The komodo dragon closely misses you.
You hit the fire drake. You burn the fire drake.
The fire drake is heavily wounded.
The fire drake breathes flames at you. The blast of flame hits you!
* * * LOW HITPOINT WARNING * * *
The komodo dragon bites you!
You die...

.....P.##
♣♣..≈♣♣ .≈≈♣
...###..#
♣P.♣≈≈♣♣≈≈P♣
...# ####
♣♣.♣♣≈≈≈..♣ *
..##
♣P.P≈≈P.♣♣,, ≈
### ♣.††P≈≈♣♣ ,
, ♣♣.♣..≈♣* ,,
≈≈D ♣♣..†≈♣♣ ,
.kD.
♣...≈≈♣♣,,..≈≈≈≈
♣♣.@k≈≈♣♣♣P≈≈≈≈
♣♣.lP≈≈♣.≈≈≈≈. *
♣♣♣..≈≈♣≈≈≈..
♣♣.≈≈≈≈≈P.♣*
♣..≈≈≈..♣
♣♣♣≈≈≈.♣♣ ♣♣♣♣♣


You could see a komodo dragon and a fire drake.

Vanquished Creatures
  Gastronok (Lair:1)
  The ghost of Jerry the Zephyrmancer, a journeyman DrAE of Sif Muna (Lair:8)
  Snorg (Lair:4)
  5 hydras
  A catoblepas (Lair:6)
  6 death yaks
  Nergalle (Lair:2)
  A griffon (Lair:7)
  An orb spider (Lair:3)
  6 black mambas
  A cyclops (D:8)
  Maurice (D:8)
  The ghost of jesusflecha the Shield-Bearer, a novice MiFi (D:5)
  7 komodo dragons
  12 spiny frogs
  5 fire drakes
  Prince Ribbit (D:8)
  A slime creature (Lair:8)
  2 two-headed ogres (Volcano)
  22 blink frogs
  A human (D:8)
  2 fire bats (Volcano)
  2 steam dragons
  3 hungry ghosts
  54 yaks
  2 basilisks
  6 hippogriffs
  3 wolves (Lair:5)
  10 porcupines
  4 swamp drakes (Lair:8)
  8 water moccasins
  Duvessa (D:7)
  2 sky beasts (D:5)
  5 orc warriors
  A black bear (D:6)
  2 ice beasts (D:5)
  6 centaurs
  A phantom (D:8)
  9 crocodiles
  3 ogres
  A big kobold (Sewer)
  14 giant frogs
  A wyvern skeleton (D:8)
  Dowan (D:7)
  A scorpion (Lair:3)
  12 killer bees (D:7)
  3 quasits
  3 jellies
  2 orc priests (D:7)
  4 crimson imps
  2 centaur skeletons
  4 hounds
  7 orc wizards
  3 worker ants
  13 iguanas
  20 sheep
  2 hound skeletons (D:8)
  6 gnolls
  6 adders
  7 river rats
  A shadow imp (D:6)
  3 adder skeletons
  3 worms
  27 orcs
  7 bats
  8 giant cockroaches
  22 goblins
  13 hobgoblins
  14 jackals
  20 kobolds
  7 quokkas
  4 ball pythons
  5 giant geckos
  A giant gecko skeleton (D:4)
  7 giant newts
  2 jackal zombies (D:7)
  9 rats
  A fungus (Lair:7)
468 creatures vanquished.

Vanquished Creatures (others)
  2 sheep (Lair:8)
  18 fungi
  17 plants
37 creatures vanquished.

Grand Total: 505 creatures vanquished

Notes
Turn   | Place    | Note
--------------------------------------------------------------
     0 | D:1      | MirrMurr the Spriggan Enchanter began the quest for the Orb.
     0 | D:1      | Reached XP level 1. HP: 9/9 MP: 5/5
   177 | D:1      | Reached skill level 5 in Stealth
   233 | D:1      | Reached XP level 2. HP: 10/13 MP: 6/6
   237 | D:1      | Learned a level 2 spell: Ensorcelled Hibernation
   667 | D:1      | Reached skill level 6 in Stealth
  1529 | D:2      | Reached XP level 3. HP: 16/16 MP: 1/8
  1534 | D:2      | Learned a level 3 spell: Confuse
  2546 | D:3      | Reached skill level 7 in Stealth
  2561 | D:3      | Reached XP level 4. HP: 18/21 MP: 10/10
  2574 | D:3      | Learned a level 3 spell: Dazzling Spray
  2940 | D:3      | Found a glowing silver altar of Zin.
  3026 | D:4      | Found an iron altar of Okawaru.
  3088 | D:4      | Found a glowing drain.
  3112 | Sewer    | Entered a sewer
  3305 | Sewer    | Noticed a big kobold
  3370 | Sewer    | Killed a big kobold
  3370 | Sewer    | Reached skill level 8 in Stealth
  3370 | Sewer    | Reached XP level 5. HP: 20/24 MP: 2/12
  3487 | Sewer    | Found a glowing silver altar of Zin.
  4131 | D:4      | Reached skill level 9 in Stealth
  4136 | D:4      | Reached XP level 6. HP: 28/28 MP: 10/13
  4259 | D:5      | Entered Level 5 of the Dungeon
  4297 | D:5      | Reached skill level 5 in Spellcasting
  4307 | D:5      | Found Jiquutih's Weapon Emporium.
  4467 | D:5      | Reached skill level 10 in Stealth
  4909 | D:5      | Found Radoun's Food Emporium.
  4934 | D:5      | Reached XP level 7. HP: 29/32 MP: 3/16
  4978 | D:5      | Noticed jesusflecha's ghost (novice MiFi)
  5085 | D:5      | Found a burning altar of Makhleb.
  5114 | D:5      | Reached skill level 11 in Stealth
  5132 | D:5      | Killed jesusflecha's ghost
  5132 | D:5      | Reached skill level 12 in Stealth
  5133 | D:5      | Reached XP level 8. HP: 33/36 MP: 9/19
  5379 | D:5      | Reached skill level 13 in Stealth
  6090 | D:6      | Reached skill level 14 in Stealth
  7160 | D:6      | Found a staircase to the Ecumenical Temple.
  7170 | Temple   | Entered the Ecumenical Temple
  7603 | D:6      | Found a shadowy altar of Dithmenos.
  8159 | D:7      | Reached skill level 15 in Stealth
  8159 | D:7      | Reached XP level 9. HP: 39/39 MP: 22/22
  8612 | D:7      | Reached skill level 5 in Hexes
  8684 | D:7      | Found a blossoming altar of Fedhas.
  8754 | D:7      | Found a basalt altar of Yredelemnul.
  8755 | D:7      | Found a radiant altar of Vehumet.
  8757 | D:7      | Found a glowing golden altar of the Shining One.
  8757 | D:7      | Found a shattered altar of Ashenzari.
  8759 | D:7      | Found a shimmering altar of Xom.
  8781 | D:7      | Found an ancient bone altar of Kikubaaqudgha.
  8798 | D:7      | Became a worshipper of Ashenzari the Shackled
  9026 | D:7      | Noticed Duvessa
  9026 | D:7      | Noticed Dowan
  9319 | D:8      | Found Demminu's General Store.
  9323 | D:8      | Got the uncursed robe of Fugg {Slay+3}
  9334 | D:8      | Identified the +1 robe of Fugg {Slay+3} (You found it on level 8 of the Dungeon)
 10037 | D:8      | Noticed Maurice
 10047 | D:8      | Killed Maurice
 10047 | D:8      | Reached skill level 10 in Spellcasting
 10047 | D:8      | Reached XP level 10. HP: 44/44 MP: 19/25
 10059 | D:8      | Found a stormy altar of Qazlal.
 10067 | D:8      | Learned a level 6 spell: Invisibility
 10549 | D:8      | Noticed a cyclops
 10795 | D:8      | Noticed Prince Ribbit
 10805 | D:8      | Killed Prince Ribbit
 10819 | D:7      | Killed Dowan
 10819 | D:7      | Reached skill level 10 in Hexes
 10862 | D:7      | Killed Duvessa
 11343 | D:8      | Killed a cyclops
 11486 | D:8      | Found an opulent altar of Gozag.
 11524 | D:8      | Found a staircase to the Lair.
 11525 | D:8      | Noticed a komodo dragon
 11681 | D:8      | Killed a komodo dragon
 11689 | Lair:1   | Entered Level 1 of the Lair of Beasts
 12241 | Lair:1   | Gained mutation: You evolve. [potion of beneficial mutation]
 12382 | Lair:1   | Noticed Gastronok
 12863 | Lair:1   | Killed Gastronok
 12863 | Lair:1   | Reached XP level 11. HP: 11/47 MP: 17/27
 14065 | Lair:2   | Reached * piety under Ashenzari
 14101 | Lair:2   | Noticed Nergalle
 14116 | Lair:2   | Killed Nergalle
 15134 | Lair:3   | Found a hole to the Spider Nest.
 15282 | Lair:3   | Noticed a six-headed hydra
 15312 | Lair:3   | Killed a six-headed hydra
 16152 | Lair:4   | Reached skill level 5 in Short Blades
 16323 | Lair:4   | Reached XP level 12. HP: 51/51 MP: 30/30
 16407 | Lair:4   | Reached ** piety under Ashenzari
 16470 | Lair:4   | Noticed Snorg
 16477 | Lair:4   | Killed Snorg
 16910 | Lair:4   | Reached skill level 5 in Dodging
 17469 | Lair:5   | Noticed an eight-headed hydra
 17474 | Lair:5   | Killed an eight-headed hydra
 19250 | Lair:6   | Noticed a catoblepas
 19256 | Lair:6   | Killed a catoblepas
 19333 | Lair:6   | Found a staircase to the Shoals.
 19887 | Lair:6   | Gained mutation: You have sharp toenails. [evolution]
 20486 | Lair:7   | Identified the +2 cloak "Leinak" {SInv}
 20487 | Lair:7   | Noticed a six-headed hydra
 20505 | Lair:7   | Noticed a four-headed hydra
 20543 | Lair:7   | Found a dark tunnel.
 20550 | Volcano  | Entered a volcano
 20567 | Volcano  | Reached skill level 10 in Dodging
 21178 | Lair:7   | Reached skill level 10 in Short Blades
 21178 | Lair:7   | Reached XP level 13. HP: 55/55 MP: 31/31
 22239 | Lair:7   | Killed a four-headed hydra
 22770 | Lair:7   | Killed a six-headed hydra
 22863 | Lair:8   | Entered Level 8 of the Lair of Beasts
 22871 | Lair:8   | Found a staircase to the Slime Pits.
 22919 | Lair:8   | Noticed Jerry's ghost (journeyman DrAE)
 23216 | Lair:8   | Killed Jerry's ghost
 23224 | Lair:8   | Reached *** piety under Ashenzari
 23424 | Lair:8   | Noticed Kirke
 24343 | Lair:8   | Mangled by a komodo dragon

Action                   |  1- 3 |  4- 6 |  7- 9 | 10-12 | 13-15 || total
-------------------------+-------+-------+-------+-------+-------++-------
Melee: Dagger            |   120 |   176 |   278 |   296 |   269 ||  1139
 Cast: Ensorcelled Hiber |     9 |    16 |    52 |   132 |    84 ||   293
       Confuse           |       |     8 |    18 |     6 |       ||    32
       Dazzling Spray    |       |       |     4 |    33 |    28 ||    65
       Invisibility      |       |       |       |       |     4 ||     4
Evoke: Wand              |     5 |     8 |     1 |       |       ||    14
  Use: Scroll            |    14 |     2 |     3 |    10 |       ||    29
       Potion            |       |     2 |     1 |     5 |       ||     8
 Stab: Sleeping          |    21 |    22 |    60 |   116 |    47 ||   266
       Distracted        |     2 |       |     1 |     2 |     1 ||     6
       Confused          |       |       |     7 |     4 |       ||    11
       Invisible         |       |       |     2 |     2 |    40 ||    44
  Eat: Bread ration      |       |     1 |       |     1 |     1 ||     3
       Pizza             |       |       |     1 |     1 |       ||     2
       Royal jelly       |       |       |     2 |       |     1 ||     3
